 Dungeon Crawl Stone Soup version 0.31-a0-339-gda1cbd5 (webtiles) character file.

Game seed: 189421473819092675

261 Cunctator the Cudgeller (level 6, -9/53 HPs)
             Began as a Gnoll Cinder Acolyte on July 20, 2023.
             Was a High Priest of Ignis.
             Mangled by an ogre
             ... wielding a +0 giant spiked club
              (30 damage)
             ... on level 4 of the Dungeon.
             The game lasted 00:11:36 (3390 turns).

Cunctator the Cudgeller (Gnoll Cinder Acolyte)      Turns: 3390, Time: 00:11:37

Health: -9/53      AC:  4    Str: 16    XL:     6   Next: 18%
Magic:  3/11       EV: 12    Int: 13    God:    Ignis [*****.]
Gold:   232        SH:  0    Dex: 13    Spells: 9/11 levels left

rFire   + . .        a - -1 mace (flame)
rCold   . . .        (no shield)
rNeg    . . .        n - +0 leather armour
rPois   .            (no helmet)
rElec   .            q - +0 cloak
rCorr   .            (no gloves)
SInv    .            (no boots)
Will    .....        (no amulet)
Stlth   ++           e - +6 ring of dexterity
HPRegen 0.28/turn    (no ring)
MPRegen 0.12/turn

%: no passive effects
@: no status effects
A: fangs 1, strong nose, distributed training
a: Renounce Religion, Fiery Armour, Foxfire Swarm, Rising Flame


You were on level 4 of the Dungeon.
You worshipped Ignis.
Ignis was extremely pleased with you.
You visited 1 branch of the dungeon, and saw 4 of its levels.

You collected 232 gold pieces.

Inventory:

Hand Weapons
 a - a -1 mace of flaming (weapon)
 c - a +0 whip
 l - a +0 morningstar
 x - a +0 sling
Missiles
 u - 10 stones
Armour
 b - a +0 robe
 n - a +0 leather armour (worn)
 q - a +0 cloak (worn)
 r - a +0 chain mail
Magical Staves
 h - a staff of air
Jewellery
 e - a +6 ring of dexterity (left hand)
 m - a ring of protection from fire
 p - a ring of resist corrosion
 w - an amulet of faith
Wands
 k - a wand of charming (5)
Scrolls
 g - a scroll of teleportation {unknown}
 i - 6 scrolls of identify {unknown}
 j - a scroll of amnesia {unknown}
 s - a scroll of poison {unknown}
Potions
 d - 4 potions of heal wounds {unknown}
 f - 3 potions of curing {unknown}
 o - a potion of magic {unknown}
 t - a potion of ambrosia {unknown}
 v - a potion of invisibility {unknown}


   Skills:
 + Level 6.8 Fighting
 + Level 1.9 Short Blades
 + Level 1.9 Long Blades
 + Level 1.9 Axes
 + Level 6.8 Maces & Flails
 + Level 1.9 Polearms
 + Level 1.9 Staves
 + Level 1.9 Ranged Weapons
 + Level 1.9 Throwing
 + Level 1.9 Armour
 + Level 1.9 Dodging
 + Level 1.9 Stealth
 + Level 1.9 Shields
 + Level 1.9 Unarmed Combat
 + Level 3.4 Spellcasting
 + Level 1.5 Conjurations
 + Level 1.5 Hexes
 + Level 1.5 Summonings
 + Level 1.5 Necromancy
 + Level 1.5 Translocations
 + Level 1.5 Transmutations
 + Level 5.6 Fire Magic
 + Level 1.5 Ice Magic
 + Level 1.5 Air Magic
 + Level 1.5 Earth Magic
 + Level 1.5 Poison Magic
 + Level 2.1 Invocations
 + Level 1.9 Evocations
 + Level 1.5 Shapeshifting


You had 9 spell levels left.
You knew the following spells:

 Your Spells              Type           Power      Damage    Failure   Level
a - Scorch                Fire           32%        2d6       4%          2

Your spell library contained the following spells:

 Spells                   Type           Power      Damage    Failure   Level


Dungeon Overview and Level Annotations

Branches:
Dungeon (4/15)
 Temple: D:4-7

Altars:


Innate Abilities, Weirdness & Mutations

You have very sharp teeth.
Your uncanny sense of smell can sniff out nearby items.
Your experience applies equally to all skills.


Message History

No target in view!
No target in view!
The goblin misses you.
You hit the goblin. You burn the goblin.
You kill the goblin!
No target in view!
You now have 232 gold pieces (gained 18).
You open the door.
There is an open door here.
You open the door.
An ogre comes into view. It is wielding a +0 giant spiked club.
The ogre shouts!
A quokka comes into view.
Found 4 poisoned darts.
The ogre hits you with a +0 giant spiked club!!
There is an open door, spattered with blood here.
You barely miss the ogre. The ogre barely misses you.
Casting: Scorch (safe; 4% risk of failure)
Confirm with . or Enter, or press ? or * to list all spells.
Flames lash the ogre.
The ogre is lightly wounded.
The ogre's fire resistance burns away.
Casting: Scorch (safe; 4% risk of failure)
Confirm with . or Enter, or press ? or * to list all spells.
Flames lash the quokka.
You kill the quokka!
The ogre closely misses you.
Casting: Scorch (safe; 4% risk of failure)
Confirm with . or Enter, or press ? or * to list all spells.
Flames lash the ogre.
The ogre is burned terribly!
The ogre is heavily wounded.
The ogre hits you with a +0 giant spiked club!
Casting: Scorch (safe; 4% risk of failure)
Confirm with . or Enter, or press ? or * to list all spells.
Flames lash the ogre.
The ogre is burned terribly!
The ogre is almost dead.
The ogre attacks as you move away!
The ogre hits you with a +0 giant spiked club!!
Ouch! That really hurt!
You die...

##########.....
...............
(..............
...............
............# #'#
############.#
#####.........##O########
#...'.........+.@........
..###.........##.###.....
.####.........##.###.###.
.......................#
)###############.###.#.#
.##..............#
.........#.....#.#
..#.##.........###
.....'.........+


You could see an ogre (combustible).

Vanquished Creatures
  A scorpion (D:3)
  A jelly (D:4)
  Jessica (D:2)
  An iguana (D:3)
  2 adders (D:3)
  3 worms (D:2)
  4 dart slugs
  2 orcs
  5 ball pythons
  5 endoplasms
  5 giant cockroaches
  7 hobgoblins
  3 jackals (D:2)
  5 kobolds
  7 quokkas
  9 bats
  3 frilled lizards
  6 goblins
  11 rats
81 creatures vanquished.

Notes
Turn   | Place    | Note
-------+----------+-------------------------------------------
     0 | D:1      | Cunctator the Gnoll Cinder Acolyte began the quest for the
                  | Orb.
     0 | D:1      | Reached XP level 1. HP: 23/23 MP: 4/4
   135 | D:1      | Reached XP level 2. HP: 29/29 MP: 5/5
   138 | D:1      | Learned a level 2 spell: Scorch
   302 | D:1      | Reached XP level 3. HP: 29/35 MP: 1/7
   905 | D:1      | Reached skill level 1 in Invocations
  1086 | D:2      | Reached skill level 1 in Short Blades
  1086 | D:2      | Reached skill level 1 in Long Blades
  1086 | D:2      | Reached skill level 1 in Axes
  1086 | D:2      | Reached skill level 1 in Polearms
  1086 | D:2      | Reached skill level 1 in Staves
  1086 | D:2      | Reached skill level 1 in Ranged Weapons
  1086 | D:2      | Reached skill level 1 in Throwing
  1086 | D:2      | Reached skill level 1 in Armour
  1086 | D:2      | Reached skill level 1 in Dodging
  1086 | D:2      | Reached skill level 1 in Stealth
  1086 | D:2      | Reached skill level 1 in Shields
  1086 | D:2      | Reached skill level 1 in Unarmed Combat
  1086 | D:2      | Reached skill level 1 in Evocations
  1260 | D:2      | Reached XP level 4. HP: 41/41 MP: 8/8
  1306 | D:2      | You fall into a shaft and drop 2 floors!
  1331 | D:4      | Reached skill level 1 in Conjurations
  1331 | D:4      | Reached skill level 1 in Hexes
  1331 | D:4      | Reached skill level 1 in Summonings
  1331 | D:4      | Reached skill level 1 in Necromancy
  1331 | D:4      | Reached skill level 1 in Translocations
  1331 | D:4      | Reached skill level 1 in Transmutations
  1331 | D:4      | Reached skill level 1 in Ice Magic
  1331 | D:4      | Reached skill level 1 in Air Magic
  1331 | D:4      | Reached skill level 1 in Earth Magic
  1331 | D:4      | Reached skill level 1 in Poison Magic
  1331 | D:4      | Reached skill level 1 in Shapeshifting
  1373 | D:3      | Noticed a scorpion
  1574 | D:2      | Noticed Jessica
  1669 | D:2      | Killed Jessica
  1670 | D:2      | Reached XP level 5. HP: 31/47 MP: 2/9
  2436 | D:3      | Reached XP level 6. HP: 53/53 MP: 3/11
  3390 | D:4      | Mangled by an ogre

Illustrated notes

Levels and vault maps discovered:
D:1:      lemuel_arrival_room, layout_basic, serial_rivers,
          chequers_serial_rivers_small_a, chequers_serial_rivers_room_b,
          chequers_serial_rivers_micro_a, chequers_serial_rivers_micro_e,
          chequers_serial_rivers_micro_a, minmay_quantized
D:2:      layout_basic, grunt_ministairs_8, uniq_jessica
D:3:      layout_loops_corners
D:4:      layout_basic, mainiacjoe_overflow_alcove_2, mainiacjoe_overflow_swirl,
          lightli_corner_chamber

Skill      XL: |  1  2  3  4  5 |
---------------+----------------+-----
Invocations    | 1 2 |  2.1
Short Blades   | 1 |  1.9
Long Blades    | 1 |  1.9
Axes           | 1 |  1.9
Polearms       | 1 |  1.9
Staves         | 1 |  1.9
Ranged Weapons | 1 |  1.9
Throwing       | 1 |  1.9
Armour         | 1 |  1.9
Dodging        | 1 |  1.9
Stealth        | 1 |  1.9
Shields        | 1 |  1.9
Unarmed Combat | 1 |  1.9
Evocations     | 1 |  1.9
Spellcasting   | 3 |  3.4
Conjurations   | 1 |  1.5
Hexes          | 1 |  1.5
Summonings     | 1 |  1.5
Necromancy     | 1 |  1.5
Translocations | 1 |  1.5
Transmutations | 1 |  1.5
Ice Magic      | 1 |  1.5
Air Magic      | 1 |  1.5
Earth Magic    | 1 |  1.5
Poison Magic   | 1 |  1.5
Shapeshifting  | 1 |  1.5
Fighting       | |  6.8
Maces & Flails | |  6.8
Fire Magic     | |  5.6

Action                     |  1- 3 |  4- 6 || total
---------------------------+-------+-------++-------
  Melee: Mace              |   100 |    73 ||   173
         Bite              |    10 |     3 ||    13
         Punch             |       |     2 ||     2
   Cast: Scorch            |     6 |    19 ||    25
  Evoke: Wand              |       |     2 ||     2
   Stab: Sleeping          |     1 |     5 ||     6
 Armour: Robe              |    25 |     7 ||    32
         Leather armour    |       |    14 ||    14
  Dodge: Dodged            |    58 |    52 ||   110

Table legend: (Time is in decaauts)
 A = Elapsed time spent in this place.
 B = Non-inter-level travel time spent in this place.
 C = Inter-level travel time spent in this place.
 D = Time resting spent in this place.
 E = Time spent auto-exploring this place.
 F = Levels seen in this place.
 G = Mean time per level.
                   A        B        C        D        E       F      G
               +--------+--------+--------+--------+--------+-----+--------+
         Total |   3415 |   3383 |     32 |     24 |   2644 |   4 |  853.8 |
       Dungeon |   3415 |   3383 |     32 |     24 |   2644 |   4 |  853.8 |
               +--------+--------+--------+--------+--------+-----+--------+

Top non-repeatable levels by time:
     D:3: 1224 daAuts
     D:2: 997 daAuts
     D:1: 981 daAuts
     D:4: 212 daAuts
